 Dungeon Crawl Stone Soup version 0.31-a0-236-g9a0961fb85 (webtiles) character file.

Game seed: 12309742609963679610

95 qw the Shooter (level 4, -7/26 HPs)
             Began as a Gargoyle Hexslinger on July 10, 2023.
             Mangled by a gnoll
             ... wielding a +0 halberd
              (12 damage)
             ... on level 3 of the Dungeon.
             The game lasted 00:00:38 (1807 turns).

qw the Shooter (Gargoyle Hexslinger)                Turns: 1807, Time: 00:00:39

Health: -7/26      AC:  8    Str: 15 (17) XL:     4   Next: 66%
Magic:  5/5        EV: 10    Int: 13 (14) God:
Gold:   41         SH:  0    Dex: 11 (14) Spells: 4/5 levels left

rFire   . . .        Y - +1 sling
rCold   . . .        (no shield)
rNeg    + . .        a - +0 ring mail
rPois   inf          (no helmet)
rElec   +            (no cloak)
rCorr   .            (no gloves)
SInv    .            (no boots)
Will    .....        (no amulet)
Stlth   +            g - +6 ring of strength
HPRegen 0.24/turn    (no ring)
MPRegen 0.09/turn

%: no passive effects
@: about to teleport
A: sickness immunity, AC +3, negative energy resistance 1, electricity
resistance, torment resistance 1, petrification resistance
a: no special abilities


You were on level 3 of the Dungeon.
You visited 1 branch of the dungeon, and saw 3 of its levels.

You collected 41 gold pieces.


Innate Abilities, Weirdness & Mutations

You are immune to sickness and miasma.
Your stone body is resilient. (AC +3)
You are immune to poison.
You resist negative energy. (rN+)
You are resistant to electric shocks. (rElec)
You are resistant to unholy torment.
You are immune to petrification.


   Skills:
 - Level 2.0 Fighting
 - Level 4.2 Ranged Weapons
 + Level 0.8 Armour
 - Level 1.5 Dodging
 - Level 1.0 Spellcasting
 - Level 2.6 Hexes


You had 4 spell levels left.
You knew the following spells:

 Your Spells              Type           Power      Damage    Failure   Level
a - Slow                  Hex            28%        N/A       19%         1

Your spell library contained the following spells:

 Spells                   Type           Power      Damage    Failure   Level
 Inner Flame              Hex/Fire       4%         N/A       67%         3
 Portal Projectile        Hex/Tloc       8%         N/A       67%         3
 Cause Fear               Hex            3%         N/A       88%         4

Inventory:

Hand Weapons
 Y - a +1 sling (weapon)
Armour
 a - a +0 ring mail (worn)
Jewellery
 g - a +6 ring of strength (left hand)
Scrolls
 d - a scroll of identify
 f - 2 scrolls of teleportation
Potions
 c - a potion of berserk rage {unknown}
 e - a potion of mutation {unknown}

Dungeon Overview and Level Annotations

Branches:
Dungeon (3/15)

Altars:


Message History

The gnoll shouts!
You hear a shout! x3
A gnoll comes into view. It is wielding a +0 club.
You shoot a sling bullet.
The sling bullet closely misses the gnoll.
The sling bullet hits the gnoll.
The gnoll is lightly wounded.
A gnoll comes into view. It is wielding a +0 halberd.
You shoot a sling bullet. The gnoll shouts!
The sling bullet hits the gnoll but does no damage.
A gnoll comes into view. It is wielding a +0 flail.
The gnoll hits you with a +0 whip.
You shoot a sling bullet.
The sling bullet barely misses the gnoll.
The sling bullet hits the gnoll but does no damage.
The gnoll hits you with a +0 whip.
You shoot a sling bullet.
The sling bullet barely misses the gnoll. x2
A hobgoblin comes into view.
The gnoll hits you with a +0 whip. The gnoll closely misses you.
You shoot a sling bullet. The sling bullet hits the gnoll.
The gnoll is heavily wounded.
The gnoll barely misses you.
You shoot a sling bullet. The sling bullet hits the gnoll.
The gnoll is severely wounded.
The gnoll hits you but does no damage. The gnoll hits you with a +0 whip.
You shoot a sling bullet. The sling bullet hits the gnoll.
The gnoll is severely wounded.
The gnoll hits you but does no damage. x3
The gnoll hits you from afar with a +0 halberd!
You shoot a sling bullet. The sling bullet hits the gnoll!
You kill the gnoll!
The gnoll hits you from afar with a +0 halberd.
1807 ||| READING 3 scrolls of teleportation.
As you read the scroll of teleportation, it crumbles to dust.
You feel strangely unstable. The gnoll barely misses you.
The gnoll hits you from afar with a +0 halberd!
You die...

##################
#.................
#.#############...
#######.##### #.##
#...........# #.#
#.#####@#####
###.## #g# ......
..g ...... .#.#.
.#.... #.#.#..
#.... # #.# .#
.#...# #># ..
.....# #.. ..
....... ..#...#


You could see 2 gnolls.

Vanquished Creatures
  A gnoll (D:3)
  5 adders (D:2)
  2 dart slugs (D:2)
  3 endoplasms
  4 giant cockroaches
  2 hobgoblins
  4 jackals (D:1)
  4 kobolds
  2 quokkas
  4 ball pythons
  3 bats
  A frilled lizard (D:2)
  3 rats
38 creatures vanquished.

Notes
Turn   | Place    | Note
-------+----------+-------------------------------------------
     0 | D:1      | qw the Gargoyle Hexslinger began the quest for the Orb.
     0 | D:1      | Reached XP level 1. HP: 12/12 MP: 2/2
     0 | D:1      | 0 ||| qw: Version: 0.3-a-52-g30416fa
     0 | D:1      | 0 ||| qw: Game counter: 4912
     0 | D:1      | 0 ||| qw: Melee chars always use a shield: true
     0 | D:1      | 0 ||| qw: God list: Okawaru
     0 | D:1      | 0 ||| qw: Allow faded altars: false
     0 | D:1      | 0 ||| qw: Do Orc after clearing Dungeon:15 true
     0 | D:1      | 0 ||| qw: Do second Lair branch before Depths: true
     0 | D:1      | 0 ||| qw: Lair rune preference: random
     0 | D:1      | 0 ||| qw: Goals: Normal
     0 | D:1      | 0 ||| PLANNING D:1-11
   190 | D:1      | Reached XP level 2. HP: 15/16 MP: 3/3
   195 | D:1      | HP: 3/16 [jackal (3)]
   203 | D:1      | HP: 3/16 [jackal (1)]
   285 | D:1      | Reached skill level 3 in Ranged Weapons
   998 | D:1      | 998 ||| UPGRADING to +0 leather armour.
  1008 | D:1      | 1008 ||| DROPPING +0 robe.
  1009 | D:1      | 1009 ||| UPGRADING to +6 ring of strength.
  1010 | D:1      | 1010 ||| READING scroll labelled ZULADI SOODA.
  1011 | D:1      | 1011 ||| READING scroll labelled ZUIBI PAAHIGEI.
  1012 | D:1      | 1012 ||| READING scroll labelled INTOBR FYGI.
  1013 | D:1      | 1013 ||| READING scroll labelled DARUULOXKI.
  1017 | D:1      | 1017 ||| DROPPING scroll of poison.
  1032 | D:2      | Reached XP level 3. HP: 21/21 MP: 4/4
  1473 | D:2      | Reached XP level 4. HP: 26/26 MP: 5/5
  1521 | D:2      | Reached skill level 4 in Ranged Weapons
  1685 | D:2      | 1685 ||| UPGRADING to +0 ring mail.
  1695 | D:2      | 1695 ||| DROPPING +0 leather armour.
  1696 | D:2      | 1696 ||| READING scroll labelled JEQACE ONNULEO.
  1697 | D:2      | 1697 ||| DRINKING 2 fizzy grey potions.
  1698 | D:2      | 1698 ||| DROPPING potion of degeneration.
  1741 | D:3      | 1741 ||| PLANNING SEWER
  1806 | D:3      | HP: 5/26 [gnoll/+0 halberd (4)]
  1807 | D:3      | 1807 ||| READING 3 scrolls of teleportation.
  1807 | D:3      | Mangled by a gnoll

Levels and vault maps discovered:
D:1:      minmay_arrival_four_loops, layout_loops_corners
D:2:      layout_basic, minmay_misc_feat_secret_circle, grunt_ministairs_13
D:3:      layout_basic, shapermc_ecumenical_altar_mp_vishouse,
          portal_sewer_entry_e

Skill      XL: |  1  2  3  4 |
---------------+-------------+-----
Ranged Weapons | 3 4 |  4.2
Fighting       | 2 |  2.0
Armour         | |  0.8
Dodging        | |  1.5
Spellcasting   | |  1.0
Hexes          | |  2.6

Action                     |  1- 3 |  4- 6 || total
---------------------------+-------+-------++-------
   Fire: Sling             |   117 |    32 ||   149
    Use: Scroll            |     4 |     2 ||     6
         Potion            |       |     1 ||     1
 Armour: Robe              |    23 |       ||    23
         Leather armour    |    14 |    10 ||    24
         Ring mail         |       |     4 ||     4
  Dodge: Dodged            |    50 |     8 ||    58

Table legend:
 A = Non-vault XP
 B = Vault XP
 C = Vault XP percentage of total XP
 D = Non-vault monster count
 E = Vault monster count
 F = Vault count percentage of total count
                 A         B        C        D         E       F
            +---------+---------+-------+---------+---------+-------
      Total |     122 |      15 |  10.9 |      36 |       2 |   5.3
            +---------+---------+-------+---------+---------+-------
        D:1 |      32 |       0 |   0.0 |      19 |       0 |   0.0
        D:2 |      75 |      15 |  16.7 |      15 |       2 |  11.8
        D:3 |      15 |       0 |   0.0 |       2 |       0 |   0.0
            +---------+---------+-------+---------+---------+-------
